 Dungeon Crawl Stone Soup version 0.22-a0-351-g29664b4 (webtiles) character file.

3223 George the Carver (level 9, 0/75 HPs)
             Began as a Minotaur Fighter on Apr 13, 2018.
             Was a Believer of Okawaru.
             Slain by a two-headed ogre
             ... wielding a +0 giant club
              (10 damage)
             ... on level 8 of the Dungeon.
             The game lasted 00:09:28 (6082 turns).

George the Carver (Minotaur Fighter)                Turns: 6082, Time: 00:09:29

Health: 0/75       AC: 11    Str: 23    XL:     9   Next: 66%
Magic:  10/10      EV:  5    Int:  5    God:    Okawaru [**....]
Gold:   455        SH: 12    Dex: 11    Spells: 8/8 levels left

rFire    + . .     SeeInvis .   a - +0 long sword
rCold    + . .     Gourm    .   c - +0 shield
rNeg     . . .     Faith    .   u - +0 chain mail
rPois    .         Spirit   .   (helmet restricted)
rElec    .         Reflect  +   I - scarf {rC+ rF+}
rCorr    .         Harm     .   t - +0 pair of gloves
MR       +....                  (no boots)
Stlth    ..........             y - +3 amulet of reflection
HPRegen  0.22/turn              (no ring)
MPRegen  0.12/turn              g - ring of protection from magic

@: no status effects
A: retaliatory headbutt, horns 2
a: Heroism, Renounce Religion


You were on level 8 of the Dungeon.
You worshipped Okawaru.
Okawaru was pleased with you.
You were not hungry.

You visited 2 branches of the dungeon, and saw 9 of its levels.

You collected 455 gold pieces.

Inventory:

Hand Weapons
 a - a +0 long sword (weapon)
 k - a +2 short sword of freezing
 l - a +4 falchion
 v - a +0 hand crossbow
 D - a cursed +3 short sword of freezing
Armour
 c - a +0 shield (worn)
 t - a +0 pair of gloves (worn)
 u - a +0 chain mail (worn)
 I - a scarf of resistance (worn)
Jewellery
 g - a ring of protection from magic (right hand)
 w - an uncursed ring of fire
 y - a +3 amulet of reflection (around neck)
Wands
 A - a wand of iceblast (9)
Scrolls
 b - 2 scrolls of blinking {unknown}
 e - 3 scrolls of amnesia {unknown}
 h - 8 scrolls of identify {unknown}
 m - 3 scrolls of enchant armour {unknown}
 n - 2 scrolls of fog {unknown}
 o - 3 scrolls of random uselessness {unknown}
 q - a scroll of noise {unknown}
 r - 3 scrolls of remove curse {unknown}
 s - a scroll of immolation {unknown}
 z - a scroll of teleportation {unknown}
 J - a scroll of acquirement {unknown}
Potions
 d - 2 potions of might
 i - 2 potions of ambrosia {unknown}
 j - 4 potions of curing {unknown}
 p - a potion of magic {unknown}
 x - a potion of resistance {unknown}
 B - a potion of agility {unknown}
 E - a potion of flight {unknown}
 F - 2 potions of brilliance {unknown}
 G - a potion of degeneration {unknown}
 H - a potion of cancellation {unknown}
Comestibles
 f - 15 rations


   Skills:
 + Level 6.0 Fighting
 + Level 13.7 Long Blades
 + Level 5.9 Armour
 - Level 3.6 Shields
 + Level 3.6 Invocations


You had 8 spell levels left.
You didn't know any spells.

Dungeon Overview and Level Annotations

Branches:
Dungeon (8/15)             Temple (1/1) D:6
   Lair: D:8-11

Altars:
Cheibriados
Dithmenos
Elyvilon
Fedhas
Gozag
Hepliaklqana
Kikubaaqudgha
Makhleb
Nemelex Xobeh
Okawaru
Qazlal
Ru
Sif Muna
Trog
Uskayaw
Vehumet
Wu Jian
Xom
Yredelemnul
Zin

Shops:
D:7 (


Innate Abilities, Weirdness & Mutations

You reflexively headbutt those who attack you in melee.
You have a pair of horns on your head.


Message History

You hit the two-headed ogre but do no damage.
The two-headed ogre is heavily wounded.
You hit the two-headed ogre.
Your headbutt misses the two-headed ogre.
The two-headed ogre is heavily wounded.
The two-headed ogre hits you but does no damage.
The two-headed ogre hits you with a giant club!!
You are too injured to fight recklessly!
You slash the two-headed ogre!
The two-headed ogre is severely wounded.
You slash the two-headed ogre!
The two-headed ogre is almost dead.
You block the two-headed ogre's attack.
The two-headed ogre hits you with a giant club.
You hit the two-headed ogre but do no damage.
The two-headed ogre is almost dead.
The two-headed ogre hits you with a giant club!!
* * * LOW HITPOINT WARNING * * *
The two-headed ogre hits you with a giant club!
You die...

#.# #.# #.# ##...## ###
#.###.# ..# ##+## #..
......# ##### #.# #..
#.##### ...# ##.######
#.. #.#
.#####.###.......# #..
#.# ..............##.#
#.. #.#
##.##..#.....##.# ###
..#
#..##.##..##....##.#####
###
#.....O@..##..#..p......
#.....###.##..####.#####
#.### #.##..# #.#
#.##..####.#
.?##.......#
#####.###### #.# #)# #.#


You could see a two-headed ogre.

Vanquished Creatures
  Pikel (D:5)
  The ghost of George the Carver, an amateur MiFi (D:4)
  Menkaure (D:6)
  A black bear (D:7)
  3 eyes of draining
  An ogre (D:5)
  The ghost of mortelune the Grave Robber, an amateur DDNe (D:3)
  A centaur (D:5)
  4 bullfrogs
  A water moccasin zombie (D:6)
  4 killer bees (D:8)
  6 wights
  3 howler monkeys
  2 crimson imps
  A quasit (D:6)
  A bullfrog zombie (D:5)
  A bullfrog skeleton (D:7)
  A jelly (D:6)
  A centaur skeleton (D:6)
  4 hounds
  3 orc priests
  9 orc wizards
  A worker ant (D:4)
  2 hound skeletons
  A hound zombie (D:5)
  Robin (D:2)
  2 worker ant zombies
  5 adders
  5 gnolls
  2 shadow imps
  3 worms (D:3)
  A dart slug (D:3)
  4 leopard geckos
  14 orcs
  A ball python (D:4)
  8 bats
  10 giant cockroaches
  12 goblins
  13 hobgoblins
  12 jackals
  A quokka (D:4)
  A ball python skeleton (D:4)
  10 frilled lizards
  3 jackal skeletons
  10 kobolds
  A leopard gecko zombie (D:7)
  2 quokka skeletons
  17 rats
193 creatures vanquished.

Vanquished Creatures (others)
  A slave (D:5)
  A bullfrog (D:8)
  An orc (D:6)
3 creatures vanquished.

Grand Total: 196 creatures vanquished

Notes
Turn   | Place    | Note
-------+----------+-------------------------------------------
     0 | D:1      | George the Minotaur Fighter began the quest for the Orb.
     0 | D:1      | Reached XP level 1. HP: 19/19 MP: 0/0
    50 | D:1      | Reached skill level 3 in Long Blades
   147 | D:1      | Reached XP level 2. HP: 23/26 MP: 1/1
   299 | D:1      | Reached skill level 4 in Long Blades
   692 | D:1      | Reached XP level 3. HP: 30/31 MP: 2/2
  1033 | D:2      | Noticed Robin
  1050 | D:2      | Killed Robin
  1051 | D:2      | Reached skill level 5 in Long Blades
  1089 | D:2      | Reached XP level 4. HP: 31/39 MP: 3/3
  1119 | D:2      | Reached skill level 6 in Long Blades
  1325 | D:2      | Found a faded altar of an unknown god.
  1785 | D:3      | Reached XP level 5. HP: 40/45 MP: 4/4
  1788 | D:3      | Noticed mortelune's ghost (amateur DDNe)
  1801 | D:3      | Killed mortelune's ghost
  1801 | D:3      | Reached skill level 7 in Long Blades
  2263 | D:3      | Reached XP level 6. HP: 49/51 MP: 5/5
  2499 | D:3      | Found an ancient bone altar of Kikubaaqudgha.
  2784 | D:4      | Reached skill level 8 in Long Blades
  2848 | D:4      | Noticed George's ghost (amateur MiFi)
  2870 | D:4      | Killed George's ghost
  2870 | D:4      | Reached skill level 9 in Long Blades
  2870 | D:4      | Reached XP level 7. HP: 8/57 MP: 6/6
  3333 | D:4      | Found a blossoming altar of Fedhas.
  3334 | D:4      | Found a shadowy altar of Dithmenos.
  3334 | D:4      | Found a burning altar of Makhleb.
  3337 | D:4      | Found a radiant altar of Vehumet.
  3337 | D:4      | Found a deep blue altar of Sif Muna.
  3346 | D:4      | Found a sacrificial altar of Ru.
  3347 | D:4      | Found a hide-covered altar of Uskayaw.
  3459 | D:4      | Found a bloodstained altar of Trog.
  3472 | D:4      | Reached skill level 10 in Long Blades
  3674 | D:5      | Entered Level 5 of the Dungeon
  3782 | D:5      | Noticed Pikel
  3823 | D:5      | Killed Pikel
  3823 | D:5      | Reached skill level 12 in Long Blades
  3823 | D:5      | Reached XP level 8. HP: 35/64 MP: 7/7
  4178 | D:6      | Reached skill level 13 in Long Blades
  4184 | D:6      | Found an iron altar of Okawaru.
  4206 | D:6      | Became a worshipper of Warmaster Okawaru
  4260 | D:6      | Noticed Menkaure
  4267 | D:6      | Killed Menkaure
  4267 | D:6      | Reached skill level 1 in Invocations
  4385 | D:6      | Reached XP level 9. HP: 53/71 MP: 7/9
  4472 | D:6      | Found a sparkling altar of Nemelex Xobeh.
  4670 | D:6      | Found a staircase to the Ecumenical Temple.
  4707 | Temple   | Entered the Ecumenical Temple
  5219 | D:7      | Reached * piety under Okawaru
  5223 | D:7      | Reached skill level 5 in Fighting
  5223 | D:7      | Reached skill level 5 in Armour
  5337 | D:7      | Found the +4 robe of Augmentation {Str+4 Int+4 Dex+4}
  5341 | D:7      | Found Timade's Antique Weapon Emporium.
  6055 | D:8      | Reached ** piety under Okawaru
  6071 | D:8      | Noticed a two-headed ogre
  6082 | D:8      | Slain by a two-headed ogre

Vault maps used:
D:1:      matt_arrival_diagonals
D:2:      chequers_ecumenical_altar_simple, grunt_decor_arrowhead, uniq_robin
D:3:      lemuel_coloured_pillars_altar
D:4:      trog_eyes_of_draining, grunt_temple_overflow_open, first_ration
D:5:      uniq_pikel
D:6:      nicolae_overflow_crystal_walls, okawaru_gym_becter,
          minmay_temple_entry_grid, uniq_menkaure
D:7:      serial_shops, nicolae_shop_waterfront
D:8:      tso_oasis_becter, lair_entry_dummy, uniq_prince_ribbit1, uniq_maurice
Temple:   compressed_dpeg_triangle_lava_temple

Skill      XL: |  1  2  3  4  5  6  7  8  9 |
---------------+----------------------------+-----
Long Blades    | 3 4 5 6 7 9 12 13 | 13.7
Invocations    | 1 3 |  3.6
Fighting       | 4 6 |  6.0
Armour         | 4 5 |  5.9
Shields        | |  3.6

Action                   |  1- 3 |  4- 6 |  7- 9 || total
-------------------------+-------+-------+-------++-------
Melee: Long sword        |    87 |   149 |   383 ||   619
       Headbutt          |    17 |    29 |    79 ||   125
 Stab: Distracted        |       |     1 |       ||     1
  Eat: Chunk             |     1 |     4 |    12 ||    17
Armor: Scale mail        |    33 |    31 |       ||    64
       Chain mail        |       |    15 |   124 ||   139
Dodge: Dodged            |    34 |    29 |    42 ||   105
Block: Shield            |    54 |    63 |   185 ||   302
       Reflection        |       |       |     4 ||     4
       Rpst.: Long sword |    11 |     5 |    11 ||    27

Table legend:
 A = Spawn XP
 B = Non-spawn XP
 C = Spawn XP percentage of total XP
 D = Spawn monster count
 E = Non-spawn monster count
 F = Spawn count percentage of total count
 G = Total turns spent on level
                    A         B        C        D         E        F      G
               +---------+---------+-------+---------+---------+-------+---------
         Total |       0 |    4605 |   0.0 |       0 |     194 |   0.0 |  6082
               +---------+---------+-------+---------+---------+-------+---------
           D:1 |       0 |      46 |   0.0 |       0 |      33 |   0.0 |   975
           D:2 |       0 |     151 |   0.0 |       0 |      36 |   0.0 |  1166
           D:3 |       0 |     220 |   0.0 |       0 |      25 |   0.0 |   567
           D:4 |       0 |     756 |   0.0 |       0 |      23 |   0.0 |   966
           D:5 |       0 |    1177 |   0.0 |       0 |      19 |   0.0 |   498
           D:6 |       0 |     807 |   0.0 |       0 |      21 |   0.0 |   633
           D:7 |       0 |     833 |   0.0 |       0 |      25 |   0.0 |   633
           D:8 |       0 |     615 |   0.0 |       0 |      12 |   0.0 |   407
               +---------+---------+-------+---------+---------+-------+---------
